 Dungeon Crawl Stone Soup version 0.29.1-15-g9cfb28693d (webtiles) character file.

Game seed: 206808302427257692

711 devnull the Spear-Bearer (level 7, 0/50 HPs)
             Began as a Merfolk Gladiator on Mar 10, 2023.
             Slain by an iguana (1 damage)
             ... on level 4 of the Dungeon.
             The game lasted 00:08:43 (4436 turns).

devnull the Spear-Bearer (Merfolk Gladiator)        Turns: 4436, Time: 00:08:44

Health: 0/50       AC:  6    Str: 16    XL:     7   Next: 68%
Magic:  7/7        EV: 13    Int:  8    God:
Gold:   130        SH:  0    Dex: 15    Spells: 6/6 levels left

rFire   + . .      SeeInvis .   a - +1 trident
rCold   + . .      Faith    .   (no shield)
rNeg    . . .      Spirit   .   b - +0 leather armour
rPois   +          Reflect  .   (helmet restricted)
rElec   +          Harm     .   p - +0 cloak
rCorr   +          Rampage  .   (no gloves)
Will    .....                   (no boots)
Stlth   +.........              (no amulet)
HPRegen 0.16/turn               (no ring)
MPRegen 0.10/turn               (no ring)

@: lethally poisoned (0 -> -6), resistant, unable to read
A: (nimble swimmer 2), mertail, antennae 1, iridescent scales 1, mutation
resistance 1, inability to read after injury 1
a: no special abilities


You were on level 4 of the Dungeon.
You visited 1 branch of the dungeon, and saw 4 of its levels.
You also visited: Sewer.

You collected 130 gold pieces.

Inventory:

Hand Weapons
 a - a +1 trident (weapon)
Missiles
 d - 3 throwing nets
 e - 5 javelins
 l - a curare-tipped dart
 A - 10 poisoned darts (quivered)
Armour
 b - a +0 leather armour (worn)
 c - a +0 helmet
 p - a +0 cloak (worn)
Jewellery
 w - a +6 ring of strength
Wands
 r - a wand of roots (17)
Scrolls
 f - a scroll of blinking
 i - 2 scrolls of teleportation
 k - a scroll of amnesia
 o - a scroll of silence
 q - a scroll of magic mapping {unknown}
 v - a scroll of enchant weapon
 y - 4 scrolls of fog
 z - 2 scrolls of vulnerability
 B - 2 scrolls of fear {unknown}
 C - a scroll of enchant armour {unknown}
Potions
 g - a potion of attraction {unknown}
 h - a potion of berserk rage {unknown}
 j - a potion of flight {unknown}
 m - a potion of cancellation {unknown}
 n - 2 potions of invisibility
 s - a potion of resistance
 u - a potion of heal wounds {unknown}
 x - 2 potions of degeneration {unknown}


   Skills:
 - Level 2.1 Fighting
 + Level 11.4 Polearms
 - Level 2.0 Throwing
 - Level 4.0 Dodging


You had 6 spell levels left.
You didn't know any spells.
Your spell library contained the following spells:

 Spells                   Type           Power      Damage    Failure   Level
 Poisonous Vapours        Pois/Air       0%         N/A       63%         2
 Corpse Rot               Necr/Pois/Air  0%         N/A       99%         4


Dungeon Overview and Level Annotations

Branches:
Dungeon (4/15)             Temple (0/1) D:4           Sewer (visited)

Altars:


Innate Abilities, Weirdness & Mutations

((You are very nimble when in or above water. (Stealth+, EV+, Speed+++)))
Your lower body shifts to a powerful aquatic tail in water.
You have a pair of small antennae on your head.
You are partially covered in iridescent scales. (AC +2)
You are somewhat resistant to further mutation.
You occasionally lose the ability to read scrolls when taking damage.


Message History

The killer bee is moderately wounded.
The killer bee stings you but does no damage.
You puncture the killer bee!
The killer bee is almost dead.
The killer bee closely misses you. The iguana barely misses you.
The iguana bites you but does no damage.
The killer bee stings you.
You miss the killer bee.
The killer bee is almost dead.
The killer bee closely misses you. The iguana misses you. The iguana bites you!
You closely miss the killer bee.
The killer bee is almost dead.
The killer bee stings you but does no damage.
The killer bee stings you. The iguana barely misses you.
The iguana completely misses you.
You are too injured to fight recklessly!
You closely miss the killer bee.
The killer bee is almost dead.
The killer bee barely misses you.
You hit the killer bee but do no damage.
The killer bee is almost dead.
The killer bee stings you.
You are poisoned.
The killer bee poisons you! The iguana barely misses you.
The iguana closely misses you. The killer bee completely misses you.
You barely miss the killer bee.
The killer bee is almost dead.
You feel sick.
The killer bee stings you but does no damage.
The iguana bites you.
* * * LOW HITPOINT WARNING * * *
The iguana bites you!
You feel threatened and lose the ability to read scrolls!
* * * LOW HITPOINT WARNING * * *
It was a potion of resistance.
You feel protected.
* * * LOW HITPOINT WARNING * * *
You feel sick. The killer bee barely misses you.
The killer bee closely misses you. The iguana bites you.
You die...

..# . #.. .# # ##.
..##.# . . . ..##l...
.##.# . .#....>.##...
#..#.##.. ...
###......)##l#
###...##.#.oy@.#..
#{##~..#....#..##l...#
###..~.#.##.......##.#
~##~~#.#.....##.#......
.≈#≈.#.#..##....#...##
.
.≈#≈~#.#..............
.≈#≈~#.##.#.###..#....
÷≈#≈~#.....#<# ..#...##
.≈#≈~#.....##....##


You could see 2 iguanas, a killer bee and an orc.

Vanquished Creatures
  A kobold brigand (D:3)
  2 bullfrogs (Sewer)
  3 killer bees (D:4)
  2 jellies (D:4)
  Natasha (thrice) (D:2)
  An orc wizard (D:3)
  5 adders
  7 river rats (Sewer)
  A worm (D:2)
  A dart slug (D:1)
  3 orcs
  7 endoplasms
  5 giant cockroaches
  3 goblins
  5 hobgoblins
  10 quokkas
  22 ball pythons
  8 bats
  3 frilled lizards
  7 kobolds
  33 rats
132 creatures vanquished.

Notes
Turn   | Place    | Note
-------+----------+-------------------------------------------
     0 | D:1      | devnull the Merfolk Gladiator began the quest for the Orb.
     0 | D:1      | Reached XP level 1. HP: 16/16 MP: 1/1
   260 | D:1      | Reached XP level 2. HP: 19/22 MP: 2/2
   442 | D:1      | Reached skill level 5 in Polearms
   561 | D:1      | Reached XP level 3. HP: 27/27 MP: 3/3
   654 | D:2      | Noticed Natasha
   665 | D:2      | Killed Natasha
   666 | D:2      | Reached skill level 6 in Polearms
   926 | D:2      | Noticed Natasha
   934 | D:2      | Killed Natasha
   935 | D:2      | Reached XP level 4. HP: 24/33 MP: 4/4
  1097 | D:2      | Noticed Natasha
  1105 | D:2      | Killed Natasha
  1106 | D:2      | Reached skill level 7 in Polearms
  1349 | D:2      | Reached XP level 5. HP: 38/38 MP: 5/5
  1400 | D:2      | Found a faded altar of an unknown god.
  2285 | D:3      | Reached skill level 8 in Polearms
  2674 | D:4      | Noticed a kobold brigand
  2846 | D:4      | Gained mutation: You have a pair of small antennae on your
                  | head. [potion of mutation]
  2846 | D:4      | Gained mutation: You occasionally lose the ability to read
                  | scrolls when taking damage. [potion of mutation]
  2846 | D:4      | Gained mutation: You are partially covered in iridescent
                  | scales. (AC +2) [potion of mutation]
  2846 | D:4      | Gained mutation: You are somewhat resistant to further
                  | mutation. [potion of mutation]
  2855 | D:3      | Killed a kobold brigand
  2856 | D:3      | Reached skill level 9 in Polearms
  2856 | D:3      | Reached XP level 6. HP: 24/40 MP: 6/6
  3002 | D:4      | HP: 3/60 [poisoned by a killer bee]
  3196 | D:4      | Found a glowing drain.
  3224 | Sewer    | Entered a sewer
  3729 | Sewer    | Reached skill level 10 in Polearms
  3730 | Sewer    | Reached XP level 7. HP: 34/50 MP: 7/7
  4406 | D:4      | Found a staircase to the Ecumenical Temple.
  4411 | D:4      | Reached skill level 11 in Polearms
  4436 | D:4      | HP: 1/50 [poisoned by a killer bee]
  4436 | D:4      | Slain by an iguana

Illustrated notes

Levels and vault maps discovered:
D:1:      erik_arrival_blinker_ship, layout_rooms, serial_forest,
          infiniplex_forest_lined_room_2, infiniplex_forest_side_room,
          infiniplex_forest_clump_double, infiniplex_forest_zigzag_1
D:2:      layout_rooms, ebering_ecumenical_altar_hall, uniq_natasha
D:3:      layout_loops_ring, kennysheep_big_empty_room,
          minmay_goblin_kobold_house
D:4:      layout_loops_ring, minmay_temple_entry_ruins, gup_sewer_entry_pipe

Skill      XL: |  1  2  3  4  5  6  7 |
---------------+----------------------+-----
Polearms       | 5 6 7 9 10 11 | 11.4
Fighting       | |  2.1
Throwing       | |  2.0
Dodging        | |  4.0

Action                   |  1- 3 |  4- 6 |  7- 9 || total
-------------------------+-------+-------+-------++-------
Melee: Trident           |    81 |   279 |    74 ||   434
       Tailslap          |       |     6 |     4 ||    10
  Use: Potion            |     1 |     7 |     3 ||    11
       Scroll            |       |     6 |     2 ||     8
 Stab: Sleeping          |     3 |     3 |       ||     6
Armor: Leather armour    |    15 |    43 |    26 ||    84
       Skin              |       |    15 |     8 ||    23
Dodge: Dodged            |    39 |   160 |    93 ||   292
